 Dungeon Crawl Stone Soup version 0.22-a0-608-g8a62e23 (webtiles) character file.

189 Amnesiac the Changer (level 5, 0/24 HPs)
             Began as a Spriggan Earth Elementalist on July 9, 2018.
             Was a Follower of Dithmenos.
             Killed from afar by Natasha (7 damage)
             ... with a magic dart
             ... on level 2 of the Dungeon.
             The game lasted 00:04:38 (1698 turns).

Amnesiac the Changer (Spriggan Earth Elementalist)  Turns: 1698, Time: 00:04:39

Health: 0/24       AC:  3    Str:  4    XL:     5   Next: 40%
Magic:  1/10       EV: 18    Int: 18    God:    Dithmenos [*.....]
Gold:   98         SH:  0    Dex: 16    Spells: 7/10 levels left

rFire    . . .     SeeInvis +   n - +0 dagger
rCold    . . .     Gourm    .   (shield restricted)
rNeg     . . .     Faith    .   c - +0 robe
rPois    .         Spirit   .   (helmet restricted)
rElec    .         Reflect  .   g - +0 cloak (curse)
rCorr    .         Harm     .   (gloves unavailable)
MR       .....                  (boots unavailable)
Stlth    +++.......             (no amulet)
HPRegen  0.08/turn              (no ring)
MPRegen  0.12/turn              (no ring)

@: very slightly contaminated, slowed, wreathed by umbra, quick
A: very small, unfitting armour, see invisible, herbivore, speed 3, slow
metabolism 2
a: Renounce Religion


You were on level 2 of the Dungeon.
You worshipped Dithmenos.
Dithmenos was aware of your devotion.
You were not hungry.

You visited 2 branches of the dungeon, and saw 6 of its levels.

You collected 98 gold pieces.

Inventory:

Hand Weapons
 n - a +0 dagger (weapon)
Missiles
 b - 75 stones (quivered)
Armour
 c - a +0 robe (worn)
 g - a cursed +0 cloak (worn)
Scrolls
 a - a scroll of immolation {!r, unknown}
 f - 5 scrolls of teleportation {!r, unknown}
 h - 5 scrolls of identify {!r, unknown}
 l - 2 scrolls of remove curse {!r, unknown}
 m - a scroll of random uselessness {!r, unknown}
Potions
 e - 3 potions of curing {!q, unknown}
 i - a potion of might {!q, unknown}
 j - 2 potions of flight {!q, unknown}
 k - a potion of cancellation {!q, unknown}
Comestibles
 d - 4 rations


   Skills:
 + Level 2.7 Short Blades
 - Level 3.0 Dodging
 - Level 4.0 Stealth
 - Level 3.0 Spellcasting
 - Level 5.1 Transmutations
 - Level 3.0 Earth Magic


You had 7 spell levels left.
You knew the following spells:

 Your Spells              Type           Power        Failure   Level  Hunger
a - Sandblast             Erth           ##....       4%          1    None
b - Passwall              Tmut/Erth      ###.....     4%          2    ##.....

Your spell library contained the following spells:

 Spells                   Type           Power        Failure   Level  Hunger
 Stone Arrow              Conj/Erth      #.....       26%         3    ###....
 Lee's Rapid Deconstruct  Erth           ##........   78%         5    ######.
 Petrify                  Tmut/Erth      ###.....     30%         4    ####...


Dungeon Overview and Level Annotations

Branches:
Dungeon (5/15)             Temple (1/1) D:5

Altars:
Ashenzari
Cheibriados
Dithmenos
Fedhas
Gozag
Hepliaklqana
Kikubaaqudgha
Makhleb
Okawaru
Ru
Sif Muna
Trog
Xom
The Shining One

Annotations:
D:2 Natasha
D:4 exclusion: phantom


Innate Abilities, Weirdness & Mutations

You are very small and have problems with some larger weapons.
You are too small for most types of armour.
You have supernaturally acute eyesight. (SInv)
You are a herbivore.
You cover ground extremely quickly.
You need to consume almost no food.


Message History

Press: ? - help, Shift-Dir - straight line, f - Natasha
Aim: Natasha The blast of sand hits Natasha.
Natasha is lightly wounded.
b - 79 stones Natasha wildly gestures.
Natasha glows brightly for a moment.
Natasha barely misses you.
Casting: Sandblast (safe; 4% risk of failure)
Confirm with . or Enter, or press ? or * to list all spells.
Aiming: Sandblast (safe; 4% risk of failure)
Press: ? - help, Shift-Dir - straight line, f/p - Natasha
Aim: Natasha (lightly wounded, umbra)
The blast of sand hits Natasha.
Natasha is moderately wounded.
b - 78 stones Natasha casts a spell.
Casting: Sandblast (safe; 4% risk of failure)
Confirm with . or Enter, or press ? or * to list all spells.
Aiming: Sandblast (safe; 4% risk of failure)
Press: ? - help, Shift-Dir - straight line, f/p - Natasha
Aim: Natasha (moderately wounded, umbra)
The blast of sand hits Natasha.
Natasha is moderately wounded.
b - 77 stones Natasha completely misses you.
The shadow imp hits you. Natasha claws you.
Casting: Sandblast (safe; 4% risk of failure)
Confirm with . or Enter, or press ? or * to list all spells.
Aiming: Sandblast (safe; 4% risk of failure)
Press: ? - help, Shift-Dir - straight line, f/p - Natasha
Aim: Natasha (moderately wounded, umbra)
The blast of sand hits Natasha.
Natasha is almost dead.
b - 76 stones The shadow imp completely misses you.
Natasha mewls in sadness.
Natasha claws you. The shadow imp misses you.
Casting: Sandblast (safe; 4% risk of failure)
Confirm with . or Enter, or press ? or * to list all spells.
Aiming: Sandblast (safe; 4% risk of failure)
Press: ? - help, Shift-Dir - straight line, f/p - Natasha
Aim: Natasha (almost dead, umbra)
You miscast Sandblast.
You are very lightly contaminated with residual magic.
You are showered with tiny particles of grit.
Natasha stares at you and mumbles some strange words.
You easily resist.
The shadow imp closely misses you. Natasha casts a spell at you.
The magic dart hits you!
* * * LOW HITPOINT WARNING * * *
Casting: Sandblast (safe; 4% risk of failure)
Confirm with . or Enter, or press ? or * to list all spells.
Aiming: Sandblast (safe; 4% risk of failure)
Press: ? - help, Shift-Dir - straight line, f/p - Natasha
Aim: Natasha (almost dead, umbra)
The blast of sand hits Natasha.
Natasha is almost dead.
b - 75 stones The shadow imp gestures at you.
Pain shoots through your body!
* * * LOW HITPOINT WARNING * * *
Natasha casts a spell at you. The magic dart hits you!
You die...

###.(...####..........#
..#.....# #....#######
#.#....## #....#
#.#....#####....# #
#.............### .##
####.########+#####..
#.# #.......?..# #.#
#........h.+ #.#
#.......@..# #.#
#......5...# ##### #.#
#.....(....# .... #.#
#..........###.... #.#
#####+###......#.#
####.# #.# #......#.#
...#.# #.# #.###.##.##
.#.#.# #.###.........#
.#.#.# #.........##..#


You could see Natasha and a shadow imp.

Vanquished Creatures
  An ogre (D:5)
  Natasha (D:2)
  2 adders (D:2)
  2 oozes (D:1)
  A worm (D:2)
  A dart slug (D:2)
  3 leopard geckos
  A ball python (D:1)
  2 giant cockroaches
  2 goblins (D:1)
  5 hobgoblins (D:1)
  6 kobolds
  A quokka (D:3)
  A bat (D:2)
  6 frilled lizards
  A leopard gecko skeleton (D:4)
  7 rats
43 creatures vanquished.

Notes
Turn   | Place    | Note
-------+----------+-------------------------------------------
     0 | D:1      | Amnesiac the Spriggan Earth Elementalist began the quest for the Orb.
     0 | D:1      | Reached XP level 1. HP: 9/9 MP: 5/5
   146 | D:2      | Reached XP level 2. HP: 13/13 MP: 2/7
   150 | D:2      | Learned a level 2 spell: Passwall
   351 | D:5      | Entered Level 5 of the Dungeon
   410 | D:4      | Noticed a phantom
   511 | D:5      | Noticed an ogre
   516 | D:5      | Found a staircase to the Ecumenical Temple.
   518 | D:5      | Killed an ogre
   518 | D:5      | Reached skill level 5 in Transmutations
   518 | D:5      | Reached XP level 3. HP: 16/16 MP: 4/8
   518 | D:5      | Reached XP level 4. HP: 21/21 MP: 4/9
   528 | Temple   | Entered the Ecumenical Temple
   564 | Temple   | Became a worshipper of Dithmenos the Shadowed
   963 | D:1      | Reached skill level 1 in Short Blades
  1066 | D:1      | Reached * piety under Dithmenos
  1107 | D:1      | Reached XP level 5. HP: 16/24 MP: 7/10
  1665 | D:2      | Noticed Natasha
  1684 | D:2      | Killed Natasha
  1691 | D:2      | Noticed Natasha
  1698 | D:2      | Killed from afar by Natasha

Vault maps used:
D:1:      giann_forest_graveyard
D:2:      uniq_robin, uniq_natasha
D:3:      st_stairs_7, uniq_ijyb
D:5:      dancing_weapons_uskayaw, nemelex_altar_shiori, temple_statues,
          first_ration
Temple:   nicolae_temple_great_sept

Skill      XL: |  1  2  3  4  5 |
---------------+----------------+-----
Spellcasting   | 3 |  3.0
Earth Magic    | 3 |  3.0
Transmutations | 5 |  5.1
Stealth        | 4 |  4.0
Short Blades   | 1 2 |  2.7
Dodging        | |  3.0

Action                   |  1- 3 |  4- 6 || total
-------------------------+-------+-------++-------
Melee: Dagger            |       |    67 ||    67
 Cast: Sandblast         |    14 |    32 ||    46
       Passwall          |       |     4 ||     4
 Stab: Sleeping          |       |     9 ||     9
Armor: Robe              |     1 |    10 ||    11
Dodge: Dodged            |     2 |    54 ||    56

Table legend:
 A = Spawn XP
 B = Non-spawn XP
 C = Spawn XP percentage of total XP
 D = Spawn monster count
 E = Non-spawn monster count
 F = Spawn count percentage of total count
 G = Total turns spent on level
                    A         B        C        D         E        F      G
               +---------+---------+-------+---------+---------+-------+---------
         Total |       0 |     270 |   0.0 |       0 |      43 |   0.0 |  1698
               +---------+---------+-------+---------+---------+-------+---------
           D:1 |       0 |      52 |   0.0 |       0 |      26 |   0.0 |   895
           D:2 |       0 |      81 |   0.0 |       0 |      12 |   0.0 |   393
           D:3 |       0 |       4 |   0.0 |       0 |       2 |   0.0 |    31
           D:4 |       0 |       3 |   0.0 |       0 |       2 |   0.0 |   260
           D:5 |       0 |     130 |   0.0 |       0 |       1 |   0.0 |    72
               +---------+---------+-------+---------+---------+-------+---------
